Cogmind - Beta 9.1 @@@ ROGUE MODE // 2019.11.09 @ 22:20:41 Player: Noxul Result: Destroyed by G-50 Soldier with Heavy Laser Performance ------------- Evolutions (2) 1000 Regions Visited (4) 800 Robots Destroyed (65) 325 Value Destroyed (2051) 2051 Prototype IDs (3) 60 Alien Tech Used (0) 0 Bonus (156) 156 TOTAL SCORE: 4392 Bonus ------- High Alert Combat Kills 156 Cogmind --------- Core Integrity 0/550 Matter 172/300 Energy 100/100 System Corruption 13% Temperature Cool (18) Location -8/Materials Parts ------- Power (1) Propulsion (4) Utility (3) Large Storage Unit Weapon (3) Inventory (10) Light Nuclear Core Minigun Assault Cannon Mini Grenade Launcher Peak State ------------ Power Cooled Ion Engine Propulsion Aluminum Leg Aluminum Leg Aluminum Leg Improved Aluminum Leg Utility Improved Heat Sink Large Storage Unit Light Armor Plating Weapon Minigun Enhanced Autogun Assault Cannon Inventory Light Nuclear Core Heat Sink Autogun Assault Cannon Mini Grenade Launcher [Rating: 24] Favorites ----------- Power Cooled Ion Engine Engine Cooled Ion Engine Power Core Nuclear Core Propulsion Aluminum Leg Treads Light Treads Leg Aluminum Leg Utility Small Storage Unit Device Heat Sink Storage Small Storage Unit Protection Light Armor Plating Weapon Improved EM Shotgun Energy Gun Improved EM Shotgun Ballistic Gun Autogun Ballistic Cannon Assault Cannon Launcher Mini Grenade Launcher Build | -11 -10 -9 -9 -8 ------- Run | Scr Mat Mat Sto Mat Slots Evolved 4 | . . 2 . 2 Power . | . . . . . Propulsion 2 | . . . . 2 Utility 1 | . . 1 . . Weapon 1 | . . 1 . . Parts Attached 52 | 7 10 13 1 21 Power 6 | 2 1 1 . 2 Engine 4 | 2 1 1 . . Core 2 | . . . . 2 Reactor . | . . . . . Propulsion 18 | 2 5 2 . 9 Treads 1 | . . . . 1 Leg 17 | 2 5 2 . 8 Wheel . | . . . . . Hover . | . . . . . Flight . | . . . . . Utility 10 | 1 1 4 . 4 Device 6 | . 1 3 . 2 Storage 2 | 1 . . . 1 Processor . | . . . . . Hackware . | . . . . . Protection 2 | . . 1 . 1 Artifact . | . . . . . Weapon 18 | 2 3 6 1 6 Energy Gun 5 | 1 1 3 . . Energy Cannon . | . . . . . Ballistic Gun 8 | 1 . 3 . 4 Ballistic Cannon 4 | . 2 . 1 1 Launcher 1 | . . . . 1 Special Weapon . | . . . . . Impact Weapon . | . . . . . Slashing Weapon . | . . . . . Piercing Weapon . | . . . . . Special Melee Weapon . | . . . . . Unidentified Prototypes 3 | . . 2 . 1 Parts Lost 18 | . 1 1 1 15 Power 2 | . . . . 2 Propulsion 8 | . 1 . . 7 Utility 4 | . . 1 . 3 Weapon 4 | . . . 1 3 Highest Loss Streak 8 | . 1 1 1 8 Average Slot Usage (%) 95 | . 99 94 99 90 Engine 9 | . 14 11 11 5 Leg 25 | . 28 22 22 28 Device 12 | . 13 19 11 7 Storage 10 | . 14 11 11 9 Protection 5 | . . 1 11 8 Energy Gun 7 | . 11 15 5 . Ballistic Gun 14 | . 11 5 22 17 Ballistic Cannon 6 | . 5 6 5 7 Naked Turns . | . . . . . Heaviest Build 39 | 12 16 25 27 39 Greatest Support 43 | 20 20 26 26 43 Greatest Overweight (x) 1 | . . 1 1 1 Average Overweight (x) . | . . . . . Largest Inventory Capacity 10 | 6 6 6 6 10 Average Capacity 6 | 4 6 6 6 8 Most Carried 6 | 3 6 6 6 6 Average Carried 4 | . 4 5 5 5 Final Capacity 10 | 6 6 6 6 10 Final Carried 6 | 1 5 5 6 4 Class Distribution -------------------- 33% | Mutant 27% | Scavenger-Tank 25% | Tank 10% | Skirmisher Dominant Class ---------------- Mutant | -10/Materials Mutant | -9/Materials Tank | -9/Storage Scavenger-Tank | -8/Materials Resources | -11 -10 -9 -9 -8 ----------- Run | Scr Mat Mat Sto Mat Matter Collected 1626 | 258 143 327 296 602 Remotely . | . . . . . Salvage Created 2329 | . 264 476 813 776 Parts 136 | . 19 29 45 43 Haulers Intercepted 3 | . . 2 . 1 Recyclers Shooed . | . . . . . Parts Field Recycled . | . . . . . Retrieved Matter . | . . . . . Parts Self-Destructed . | . . . . . Prevented . | . . . . . Kills | -11 -10 -9 -9 -8 ------- Run | Scr Mat Mat Sto Mat Combat Hostiles Destroyed 53 | . 9 8 14 22 Guns 34 | . 7 5 13 9 Cannons 11 | . 2 1 1 7 AOE 7 | . . 1 . 6 Classes Destroyed 11 | . 3 6 1 1 Worker 3 | . 1 1 1 . Builder 1 | . . 1 . . Hauler 3 | . . 2 . 1 Recycler 2 | . . . 2 . Operator 1 | . . . . 1 Watcher 2 | . . 1 1 . Swarmer 8 | . 3 . . 5 Grunt 30 | . 6 3 10 11 Brawler 1 | . . 1 . . Duelist 1 | . . 1 . . Sentry 13 | . . 3 4 6 Best Kill Streak 13 | . 6 3 13 9 Combat Bots Only 8 | . 6 3 8 8 Max Kills in Single Turn 3 | . 1 2 2 3 Gunslinging . | . . . . . Exploded 3 | . . 1 . 3 Melee . | . . . . . Uniques/NPCs Destroyed . | . . . . . Combat | -11 -10 -9 -9 -8 -------- Run | Scr Mat Mat Sto Mat Damage Taken 3669 | . 542 465 323 2339 Core 720 | . 99 25 31 565 Absorbed by Shields . | . . . . . Core Remaining (%) 82 | 100 60 . 86 . Volleys Fired 147 | . 29 30 34 54 Largest 3 | . 2 3 3 3 Hottest 135 | . 85 135 91 94 Shots Fired 383 | . 58 78 100 147 Gun 285 | . 44 54 87 100 Cannon 95 | . 14 24 13 44 Launcher 3 | . . . . 3 Special . | . . . . . Kinetic 299 | . 36 38 81 144 Thermal 28 | . 22 6 . . Explosive 3 | . . . . 3 Electromagnetic 53 | . . 34 19 . Robot Hit Streak 13 | . 10 12 10 13 Robot Miss Streak 5 | . 2 3 5 3 Penetration Max . | . . . . . Secondary Targets 2 | . . 1 1 . Max Gunslinging Chain 1 | . . 1 1 . Shots Hit Robots 239 | . 37 54 59 89 Core Hits 107 | . 15 21 30 41 Critical Hits 6 | . 1 1 1 3 Critical Kills . | . . . . . Critical Parts Destroyed 6 | . 1 1 1 3 Melee Attacks . | . . . . . Impact . | . . . . . Slashing . | . . . . . Piercing . | . . . . . Sneak Attacks . | . . . . . Combat Hostiles . | . . . . . Follow-up Attacks . | . . . . . Damage Inflicted 4602 | . 547 819 1049 2187 Guns 2498 | . 267 482 883 866 Cannons 1306 | . 118 260 166 762 Explosions 798 | . 162 77 . 559 Melee . | . . . . . Ramming . | . . . . . Kinetic 2804 | . 198 260 718 1628 Thermal 492 | . 349 143 . . Explosive 559 | . . . . 559 Electromagnetic 747 | . . 416 331 . Impact . | . . . . . Slashing . | . . . . . Piercing . | . . . . . Highest Corruption 13 | . . . . 13 Average Corruption 13 | . . . . 13 Corruption Purged . | . . . . . Effects 12 | . . . . 12 Message Errors 2 | . . . . 2 Heat Flow Errors 1 | . . . . 1 Energy Discharges 1 | . . . . 1 Data Loss (minor) 1 | . . . . 1 Misdirections 1 | . . . . 1 Targeting Errors 4 | . . . . 4 Weapon Failures 2 | . . . . 2 Overload Shots . | . . . . . Overflow Damage 127 | . 105 . . 22 Projectiles 22 | . . . . 22 Explosions 105 | . 105 . . . Melee . | . . . . . Knockbacks 16 | . 3 2 . 11 Impact . | . . . . . Kinetic 16 | . 3 2 . 11 Secondary . | . . . . . Self-Inflicted Damage 229 | . 96 36 . 97 Shots 5 | . 1 1 . 3 Rammed . | . . . . . Targets Rammed . | . . . . . Kicked . | . . . . . Crushed . | . . . . . Highest Temperature 465 | . 296 195 16 465 Average Temperature 87 | . 109 50 7 126 Received Heat Transfer 1431 | . 192 150 162 927 Effects 4 | . . . . 4 Shutdowns 2 | . . . . 2 Matter Decay 1 | . . . . 1 Damage (minor) 1 | . . . . 1 Siege Activations . | . . . . . Robots Corrupted 1 | . . 1 . . Combat Hostiles 1 | . . 1 . . Parts Fried 4 | . . 4 . . Impact Corruptions . | . . . . . Robots Melted . | . . . . . Combat Hostiles . | . . . . . Parts Melted 2 | . 2 . . . Heat Transferred 953 | . 655 298 . . Parts Sabotaged . | . . . . . Parts Stolen . | . . . . . Parts Stripped . | . . . . . Power Chain Reactions 1 | . . 1 . . Missiles Intercepted . | . . . . . Alert | -11 -10 -9 -9 -8 ------- Run | Scr Mat Mat Sto Mat Peak Influence 566 | . 270 334 552 566 Average Influence 260 | . 143 214 340 340 Maximum Alert Level 2 | . 1 1 2 2 Low Security (%) 34 | . . . . . Level 1 45 | . . . . . Level 2 19 | . . . . . Level 3 . | . . . . . Level 4 . | . . . . . Level 5 . | . . . . . High Security . | . . . . . Max Security . | . . . . . Squads Dispatched 15 | . 1 1 6 7 Investigation 3 | . 1 . 1 1 Extermination . | . . . . . Reinforcement 9 | . . 1 5 3 Assault . | . . . . . Garrison 3 | . . . . 3 Intercept . | . . . . . Construction Impeded . | . . . . . Haulers Reinforced . | . . . . . Stealth | -11 -10 -9 -9 -8 --------- Run | Scr Mat Mat Sto Mat Distress Signals 7 | . 3 3 1 . Communications Jammed . | . . . . . Distress Signals . | . . . . . Times Spotted 90 | . 13 16 22 39 Peak Tracking Total 11 | . 9 7 11 10 Tactical Retreats 10 | . 1 4 4 1 Traps | -11 -10 -9 -9 -8 ------- Run | Scr Mat Mat Sto Mat Traps Triggered 2 | . 1 1 . . Indirectly . | . . . . . Trap Hack Attempts . | . . . . . Triggered . | . . . . . Disarmed . | . . . . . Reprogrammed . | . . . . . Reused . | . . . . . Traps Extracted . | . . . . . Installed . | . . . . . Triggered 1 | . . . 1 . Machines | -11 -10 -9 -9 -8 ---------- Run | Scr Mat Mat Sto Mat Machines Disabled 4 | . 3 . . 1 Max in Single Turn 3 | . 3 . . 1 Machines Sabotaged . | . . . . . Garrisons Compromised . | . . . . . Overloaded Fab Kills . | . . . . . Fab Network Shutdowns . | . . . . . Hacking | -11 -10 -9 -9 -8 --------- Run | Scr Mat Mat Sto Mat Machines Accessed 3 | . . . 1 2 Terminals 2 | . . . 1 1 Fabricators . | . . . . . Repair Stations . | . . . . . Recycling Units . | . . . . . Scanalyzers . | . . . . . Garrison Access 1 | . . . . 1 Total Hacks 5 | . . . 1 4 Successful 1 | . . . . 1 Failed 4 | . . . 1 3 Catastrophic 2 | . . . 1 1 Database Lockouts . | . . . . . Manual 1 | . . . 1 . Terminals 2 | . . . 1 1 Fabricators . | . . . . . Repair Stations . | . . . . . Recycling Units . | . . . . . Scanalyzers . | . . . . . Garrison Access 3 | . . . . 3 Terminal Hacks 1 | . . . . 1 Zone Layout 1 | . . . . 1 Fabricator Hacks . | . . . . . Repair Station Hacks . | . . . . . Recycling Unit Hacks . | . . . . . Scanalyzer . | . . . . . Garrison Access Hacks . | . . . . . Unauthorized Hacks . | . . . . . Terminals . | . . . . . Fabricators . | . . . . . Repair Stations . | . . . . . Recycling Units . | . . . . . Scanalyzers . | . . . . . Garrison Access . | . . . . . Data Cores Recovered 1 | . . . . 1 Used . | . . . . . Hacking Detections 2 | . . . 1 1 Full Trace Events 1 | . . . . 1 Feedback Events . | . . . . . Feedback Blocked . | . . . . . Robot Schematics Acquired . | . . . . . Robots Built . | . . . . . Matter . | . . . . . Time . | . . . . . Total Robot Build Rating . | . . . . . Part Schematics Acquired . | . . . . . Parts Built . | . . . . . Matter . | . . . . . Time . | . . . . . Total Part Build Rating . | . . . . . Parts Repaired . | . . . . . Time . | . . . . . Parts Recycled . | . . . . . Recycled Matter . | . . . . . Retrieved Matter . | . . . . . Retrieved Components . | . . . . . Parts Scanalyzed . | . . . . . Part Schematics Acquired . | . . . . . Parts Damaged . | . . . . . Bothacking | -11 -10 -9 -9 -8 ------------ Run | Scr Mat Mat Sto Mat Used RIF Installer . | . . . . . Robots Hacked . | . . . . . Non-combat . | . . . . . Combat . | . . . . . Robot Hacks Applied . | . . . . . Relay Couplers Released . | . . . . . Robots Rewired . | . . . . . Allies Hacked . | . . . . . Hacks Repelled . | . . . . . Allies | -11 -10 -9 -9 -8 -------- Run | Scr Mat Mat Sto Mat Total Allies . | . . . . . Largest Group . | . . . . . Highest-Rated Group . | . . . . . Highest-Rated Ally . | . . . . . Total Orders . | . . . . . Ally Attacks . | . . . . . Total Damage . | . . . . . Kills . | . . . . . Allies Corrupted . | . . . . . Allies Melted . | . . . . . Intel | -11 -10 -9 -9 -8 ------- Run | Scr Mat Mat Sto Mat Robot Analysis Total . | . . . . . Derelict Logs Recovered . | . . . . . Drone Launches . | . . . . . Drone Recoveries . | . . . . . Exploration | -11 -10 -9 -9 -8 ------------- Run | Scr Mat Mat Sto Mat Turns Passed 2028 | 68 377 517 411 655 Spaces Moved 991 | 52 221 235 187 296 Core 11 | 11 . . . . Treads . | . . . . . Legs 980 | 41 221 235 187 296 Wheels . | . . . . . Hover . | . . . . . Flight . | . . . . . Fastest Speed 50 | 50 120 120 120 120 Average Speed 124 | 105 120 122 136 125 Slowest Speed 150 | 120 120 150 150 150 Overloaded Moves . | . . . . . Propulsion Burnouts . | . . . . . Robots Hopped . | . . . . . Cave-ins Triggered 1 | . . . . 1 Exploration Rate (%) 28 | 3 45 25 40 29 Regions Visited 4 Branch Regions 1 Pre-discovered Areas . | . . . . . Known Exits Taken . | . . . . . Unknown Exits Taken 4 | 1 1 1 1 . Scrap Searched . | . . . . . Spaces Dug . | . . . . . Terrain Destroyed 54 | . 22 4 5 23 Melee . | . . . . . Projectile 10 | . . . 5 5 AOE 44 | . 22 4 . 18 Actions | -11 -10 -9 -9 -8 --------- Run | Scr Mat Mat Sto Mat Total 1514 | 65 280 407 274 488 Wait 254 | . 2 105 51 96 Move 987 | 51 220 234 186 296 Hop . | . . . . . Pick Up 44 | 7 11 12 2 12 Fast Attach 5 | . 1 2 . 2 Attach 20 | 6 2 5 1 6 Detach . | . . . . . Swap 27 | 1 7 6 . 13 Drop 30 | . 8 13 . 9 Fire 147 | . 29 30 34 54 Melee . | . . . . . Ram . | . . . . . Kick . | . . . . . Crush . | . . . . . Escape Stasis . | . . . . . Rewire . | . . . . . Trap . | . . . . . Miscellaneous . | . . . . . Route ------- -11/Scrapyard -10/Materials -9/Materials -9/Storage -8/Materials History --------- Turn | Location | Event 2 | -11/Scrapyard | Discovered new exit (range 16) 69 | -11/Scrapyard | Entered Materials 306 | -10/Materials | Build established: Mutant 400 | -10/Materials | Discovered new exit (range 15) 446 | -10/Materials | Entered another Materials area 446 | -9/Materials | Evolved 2 slots: Utility x1, Weapon x1 936 | -9/Materials | Discovered new exit (range 15) 963 | -9/Materials | Entered Storage 1181 | -9/Storage | Build established: Tank 1195 | -9/Storage | Destroyed 8 combat bots 1368 | -9/Storage | Discovered new exit (range 5) 1374 | -9/Storage | Entered Materials 1374 | -8/Materials | Evolved 2 slots: Propulsion x2 1672 | -8/Materials | Build established: Scavenger-Tank 1924 | -8/Materials | Crushed by falling debris 1924 | -8/Materials | System corruption reached 10% 1943 | -8/Materials | Destroyed 8 combat bots 1974 | -8/Materials | Lost 5 parts (1p3n1u) 2018 | -8/Materials | Core integrity fell below 50% 2026 | -8/Materials | Core integrity fell below 20% 2029 | -8/Materials | Destroyed by G-50 Soldier with Heavy Laser Last Messages --------------- K-01 Serf collects debris. Aluminum Leg destroyed. System corrupted: Energy discharge (-28). Assault Cannon destroyed. K-01 Serf destroyed. C-30 ARC bursts open, deploying its payload. G-50 Soldier unfolds itself. G-47 Trooper unfolds itself. K-01 Serf collects debris. Enh. Autogun destroyed. Heat Sink destroyed. K-01 Serf collects debris. Acquired 37 matter. Aluminum Leg destroyed. K-01 Serf collects debris. Enh. Autogun destroyed. K-01 Serf collects debris. K-01 Serf destroyed. U-05 Engineer builds a Door. K-01 Serf collects debris. Map ----- +----------------------------------------------------+ | ???????????????????????????????????????????? | | ???????????????????????????????????????????? | | ???????????????????????????????????????????? | | ???????????????????????????????????????????? | | ???????????????????????????????????????????? | | ???????????????????????????????????????????? | | ???????????????????????????????????????????? | | ???????????????????????????????????????????? | | ???????????????????????????????????????????? | | ???????????????????????????????????????????? | | ???????????????????????????????????????????? | | ???????????????????????????????????????????? | | ???????????????????????????????????????????? | | ???????????????????????????????????????????? | | ???????????????????????????????????????????? | | ???????????????????????????????????????????? | | ???????????????????????????????????????????? | | ?????????????????????????? ???????????????? | | ?????????????????????????? #???????????????? | | ???????????????#########?? #???????????????? | | ?????????????### ####/###??????????? ?? | | ?????????????? + g/ #??????????? ?? | | ???????????????#u gg# """ #??????????? ?? | | ???????????????# Yg # "G" ##?????#???? #? | | ???????????????# #!"[" ###### #???? #? | | ???????????????# @k #=%%!! / #???# #? | | ?????????# ########g###!*%= # #???# ## | | ?????????# [%##+##/### ##### ## | | ?????????# g ==* # | | ?????????# // #####+##+##### #### # | | ?????????# // = ""# % #####+#### # | | ?????????# // % ""# #?# # # | | ?????????# T"# *!### # # | | ?????????# ""# / + """" # # | | ?????????# !!! ""# /### """" # # | | ?????????# !! ### #?# """" + # | | ?????????+ !! ?########?# # # | | ?????????# ###########????############## # | | ?????????# ??????????????? # * # | | ?????????????????????????? # # | | ?????????????????????????? # # T | | ?????????????????????????? # # | | ?????????????????????????? ####+###### | | ?????????????????????????? #??# #????### ## | | ?????????????????????????? #??# #??????# #? | | ?????????????????????????? #??# #??????# #? | | ??????????????????????########?# #??????# #? | | ??????????????????????# ^ #?#*#??????#]#? | | ??????????????????????# ### ###????#]#? | | ??????????????????????# # != #????#[#? | +----------------------------------------------------+ Best States ------------- Heat Dissipation 45 Energy Generation 14 Energy Capacity 280 Matter Stores 300 Matter Capacity 300 Sight Range 16 Terrain Scan Density 10 Armor Coverage 150 Evasion (%) 50 Item Schematics ----------------- None Robot Schematics ------------------ None Fabricated ------------ Nothing Alien Tech Used ----------------- None Achievements -------------- One Hack Too Far System Compromised Unlikely Earthworm Challenges ------------ None Game ------ Seed ColdSalvageThrower Manual? 0 Play Time 00:33:36 Cumulative 4.0 hours Start 2019.11.09 @ 20:41:11 End 2019.11.09 @ 22:20:41 Sessions 3 Manual Loads 0 Difficulty Rogue Special Mode None Game No. 11 Rogue 11 Adventurer 0 Explorer 0 Win Type - Total 0 Types 0/0/0/0/0/0/0 Lore% 0 Gallery% 9 Achievement% 7 Wizard Run 0 Options --------- ASCII 0 Keyboard 0 Movement Mouse Keybinds 0 Fullscreen 1 Font 18/Terminus Map View 76x50 Tactical HUD 0 Map Filters NONE Filters NONE Steam 1 RUN: 2cc6431b-4480-4f2d-8f24-e60896988849